 Dungeon Crawl Stone Soup version 0.30-a0-772-g5528072125 (webtiles) character file.

Game seed: 13211618764507666822

1571 inmateoo the Trooper (level 9, -5/53 (55) HPs)
             Began as a Kobold Fighter on Feb 12, 2023.
             Slain by a wight
             ... wielding a +0 trident
              (10 damage)
             ... on level 7 of the Dungeon.
             The game lasted 00:07:06 (5815 turns).

inmateoo the Trooper (Kobold Fighter)               Turns: 5815, Time: 00:07:06

HP:   -5/53 (55)    AC: 10    Str: 17    XL:     9   Next: 13%
MP:   9/9           EV: 11    Int: 12    God:
Gold: 247           SH: 10    Dex: 15    Spells: 8/8 levels left

rFire   + . .      SeeInvis .    x - +8 hand axe of Causality {freeze, Fragile rN+ Stlth+}
rCold   . . .      Faith    .    i - +1 kite shield "Uppoczeul" {rN+ Int+3}
rNeg    + + .      Spirit   .    b - +0 scale mail
rPois   .          Reflect  .    (no helmet)
rElec   .          Harm     .    q - +0 cloak
rCorr   .          Rampage  .    (no gloves)
Will    .....                    g - +1 pair of boots
Stlth   ++                       (no amulet)
HPRegen 0.28/turn                f - ring of protection from fire
MPRegen 0.11/turn                (no ring)

@: lethally poisoned (-5 -> -9), lightly drained
A: small, no large weapons, nightstalker 3
a: no special abilities


You were on level 7 of the Dungeon.
You visited 1 branch of the dungeon, and saw 7 of its levels.

You collected 247 gold pieces.

Inventory:

Hand Weapons
 a - a +1 war axe of electrocution
 v - a +1 hand axe of flaming
 x - the +8 hand axe of Causality (weapon) {freeze, Fragile rN+ Stlth+}
   (You found it on level 3 of the Dungeon)

   rN:        It protects you from negative energy.
   Fragile:   It will be destroyed if unequipped.
   Stlth:     It makes you more stealthy.
Armour
 b - a +0 scale mail (worn)
 g - a +1 pair of boots (worn)
 i - the +1 kite shield "Uppoczeul" (worn) {rN+ Int+3}
   (You acquired it on level 4 of the Dungeon)

   Int:       It affects your intelligence (+3).
   rN:        It protects you from negative energy.
 q - a +0 cloak (worn)
Jewellery
 f - a ring of protection from fire (left hand)
 u - a ring of flight
Wands
 c - a wand of mindburst (14)
Scrolls
 e - 7 scrolls of teleportation
 l - a scroll of fog
 m - 2 scrolls of enchant weapon
 n - 4 scrolls of identify
 s - a scroll of blinking
 t - a scroll of acquirement
Potions
 d - 2 potions of might
 h - a potion of mutation
 j - a potion of magic
 k - 2 potions of flight
 o - a potion of attraction
 p - a potion of haste
 r - 2 potions of curing
 w - a potion of cancellation {unknown}
 z - a potion of invisibility {unknown}
 A - a potion of berserk rage


   Skills:
 + Level 5.8 Fighting
 * Level 5.5 Axes
 + Level 4.3 Armour
 + Level 4.9 Dodging
 + Level 4.3 Shields


You had 8 spell levels left.
You didn't know any spells.
Your spell library contained the following spells:

 Spells                   Type           Power      Damage    Failure   Level
 Magic Dart               Conj           0%         1d3       99%         1
 Ensorcelled Hibernation  Hex/Ice        0%         N/A       100%        2
 Searing Ray              Conj           0%         2d4       100%        2
 Spider Form              Tmut/Pois      0%         N/A       100%        3
 Anguish                  Hex/Necr       0%         N/A       100%        4
 Fulminant Prism          Conj/Hex       0%         3d5       100%        4


Dungeon Overview and Level Annotations

Branches:
Dungeon (7/15)
 Temple: D:4-7

Altars:
Nemelex Xobeh

Annotations:
D:4 bmj180's ghost, novice GrEE
D:5 1 runed translucent door


Innate Abilities, Weirdness & Mutations

You are small and have problems with some larger weapons.
You are completely attuned to the shadows.


Message History

You freeze the wight.
You destroy the wight!
The wight hits you from afar with a +0 trident.
The orc priest hits you but does no damage.
You are poisoned.
You block the necrophage's attack. The wight barely misses you.
You block the wight's attack.
The orc priest begins to cast a cantrip, but forgets the words!
You block the wight's attack. The necrophage hits you. You partially resist.
You feel drained.
Your life force feels restored.
You hit the necrophage but do no damage.
The necrophage is almost destroyed.
You slash the orc priest! You freeze the orc priest.
You kill the orc priest!
You hit the wight. You slash the wight!
You feel very sick. The wight barely misses you. The wight closely misses you.
The wight hits you with a +2 war axe! You partially resist.
You feel drained. You block the necrophage's attack.
Your life force feels restored.
You hit the necrophage.
You destroy the necrophage!
You slash the orc priest! You freeze the orc priest. You hit the wight.
You hit the wight but do no damage.
You feel sick. The wight hits you but does no damage.
You block the wight's attack. The wight barely misses you.
The orc priest invokes the aid of Beogh against you.
Beogh smites you!
You hear a croak.
You are too injured to fight recklessly!
You are too injured to fight recklessly!
The orc priest attacks as you move away!
You block the orc priest's attack. The wight attacks as you move away!
You block the wight's attack.
You feel sick. The wight hits you with a +4 scimitar!
* * * LOW HITPOINT WARNING * * *
You partially resist.
You feel drained.
The wight hits you from afar with a +0 trident!
You die...

.#......
.......
#..?...
#......
#.<....
#.@z...
#.z†z..
#..o)...
#.......
#........
#........


You could see 3 wights and an orc priest.

Vanquished Creatures
  A steam dragon (D:6)
  A water moccasin (D:5)
  2 black bears
  2 sky beasts (D:6)
  A centaur (D:5)
  A phantom (D:5)
  A necrophage (D:7)
  2 scorpions
  A wight (D:7)
  A howler monkey (D:5)
  A jelly (D:5)
  3 hounds
  2 orc priests
  4 iguanas
  4 gnolls (D:5)
  9 adders
  A shadow imp (D:5)
  A white imp (D:6)
  An ufetubus (D:6)
  4 worms
  3 dart slugs
  17 orcs
  3 endoplasms
  3 giant cockroaches
  6 goblins
  13 hobgoblins
  A jackal (D:5)
  6 quokkas
  8 ball pythons
  4 bats (D:1)
  2 frilled lizards
  10 kobolds
  5 rats
124 creatures vanquished.

Notes
Turn   | Place    | Note
-------+----------+-------------------------------------------
     0 | D:1      | inmateoo the Kobold Fighter began the quest for the Orb.
     0 | D:1      | Reached XP level 1. HP: 14/14 MP: 1/1
    29 | D:1      | Reached XP level 2. HP: 17/19 MP: 2/2
   315 | D:1      | Reached XP level 3. HP: 23/23 MP: 3/3
   463 | D:1      | Reached skill level 1 in Dodging
  1013 | D:2      | Reached XP level 4. HP: 28/28 MP: 4/4
  1727 | D:3      | Reached XP level 5. HP: 33/33 MP: 5/5
  1914 | D:3      | Identified the +8 hand axe of Causality {freeze, Fragile
                  | rN+ Stlth+}
  2831 | D:4      | Noticed a black bear
  3095 | D:4      | Killed a black bear
  3096 | D:4      | Reached XP level 6. HP: 29/38 MP: 6/6
  3332 | D:4      | Identified 2 scrolls of acquirement
  3332 | D:4      | Acquired the +1 kite shield "Uppoczeul" {rN+ Int+3}
  3403 | D:5      | Entered Level 5 of the Dungeon
  3438 | D:5      | Found a runed translucent door.
  3446 | D:5      | Noticed bmj180's ghost (novice GrEE)
  3668 | D:5      | Reached XP level 7. HP: 11/44 MP: 7/7
  3950 | D:5      | Found a runed translucent door.
  3984 | D:5      | Noticed a water moccasin
  3991 | D:5      | Killed a water moccasin
  4280 | D:5      | Reached XP level 8. HP: 45/48 MP: 8/8
  4343 | D:5      | Reached skill level 5 in Fighting
  5066 | D:6      | Found a sparkling altar of Nemelex Xobeh.
  5349 | D:6      | Reached skill level 5 in Axes
  5662 | D:6      | Reached XP level 9. HP: 55/55 MP: 9/9
  5815 | D:7      | Slain by a wight

Illustrated notes

Levels and vault maps discovered:
D:1:      minmay_arrival_radiant_lines, layout_basic
D:2:      minmay_door_path, layout_basic
D:3:      wad_crossroads, layout_basic
D:4:      layout_cave_pools
D:5:      kennysheep_spiral_hall, layout_loops_corners, ebering_ghost_sewer_f
D:6:      layout_loops_ring, mainiacjoe_overflow_tiny_flanked,
          chequers_serial_rivers_small_a, fountainhead,
          nicolae_figureground_pulse
D:7:      layout_rooms, temple_doors_cd, uniq_crazy_yiuf_cottage

Skill      XL: |  1  2  3  4  5  6  7  8 |
---------------+-------------------------+-----
Axes           | 2 3 4 5 |  5.5
Dodging        | 1 2 3 4 |  4.9
Fighting       | 4 5 |  5.8
Shields        | 3 4 |  4.3
Armour         | 3 4 |  4.3

Action                     |  1- 3 |  4- 6 |  7- 9 || total
---------------------------+-------+-------+-------++-------
  Melee: War axe           |    81 |    94 |       ||   175
         Hand axe          |       |    66 |   117 ||   183
    Use: Scroll            |       |    13 |     7 ||    20
         Potion            |       |     2 |       ||     2
   Stab: Sleeping          |     2 |     4 |     5 ||    11
 Armour: Scale mail        |    27 |    62 |    49 ||   138
  Dodge: Dodged            |    40 |    83 |    50 ||   173
  Block: Buckler           |    15 |    40 |       ||    55
         Kite shield       |       |    21 |    75 ||    96

Table legend: (Time is in decaauts)
 A = Elapsed time spent in this place.
 B = Non-inter-level travel time spent in this place.
 C = Inter-level travel time spent in this place.
 D = Time resting spent in this place.
 E = Time spent auto-exploring this place.
 F = Levels seen in this place.
 G = Mean time per level.
                   A        B        C        D        E       F      G
               +--------+--------+--------+--------+--------+-----+--------+
         Total |   5955 |   5775 |    180 |    587 |   4204 |   7 |  850.7 |
       Dungeon |   5955 |   5775 |    180 |    587 |   4204 |   7 |  850.7 |
               +--------+--------+--------+--------+--------+-----+--------+

Top non-repeatable levels by time:
     D:5: 1603 daAuts
     D:3: 958 daAuts
     D:2: 915 daAuts
     D:4: 874 daAuts
     D:1: 832 daAuts
     D:6: 760 daAuts
     D:7: 10 daAuts
